 Dungeon Crawl Stone Soup version 0.29.1-1-gd02db6906a (webtiles) character file.

Game seed: 16081350109673431922

75961 mortz the Eclecticist (level 16, -7/101 HPs)
             Began as a Djinni Conjurer on Oct 6, 2022.
             Was the Champion of Makhleb.
             Killed from afar by Jorgrun (29 damage)
             ... with an iron shot
             ... on level 2 of the Orcish Mines on Oct 7, 2022.
             The game lasted 02:53:49 (20650 turns).

mortz the Eclecticist (Djinni Conjurer)            Turns: 20650, Time: 02:53:50

Health: -7/101     AC: 19    Str:  8    XL:     16   Next: 0%
Gold:   1244       EV: 12    Int: 25    God:    Makhleb [******] SH:  0 Dex: 13

rFire   + + .      SeeInvis .   a - +3 dagger (protect)
rCold   x . .      Faith    .   (no shield)
rNeg    . . .      Spirit   .   d - +4 troll leather armour {Pargi}
rPois   ∞          Reflect  .   V - +2 hat
rElec   .          Harm     .   w - +2 cloak
rCorr   .          Rampage  .   e - +2 pair of gloves {hurl}
Will    +....                   (boots unavailable)
Stlth   ++++......              r - amulet of regeneration
HPRegen 1.86/turn               p - ring of wizardry
MPRegen 0.00/turn               L - +4 ring of protection

@: grasped by roots, flying, constricted
A: sickness immunity, fire resistance 2, cold vulnerability 1, float, innate
caster, HP casting, extra vitality 1, deformed body, devolution 1
a: Renounce Religion, Minor Destruction, Lesser Servant of Makhleb, Major
Destruction, Greater Servant of Makhleb


You were on level 2 of the Orcish Mines.
You worshipped Makhleb.
Makhleb was exalted by your worship.
You visited 3 branches of the dungeon, and saw 19 of its levels.
You visited the Abyss 1 time.
You also visited: Sewer.

You collected 2176 gold pieces.
You spent 932 gold pieces at shops.

Inventory:

Hand Weapons
 a - a +3 dagger of protection (weapon)
 b - the +6 whip "Ceyte" {vorpal, rElec rF- Will+ rCorr MP+9}
   (You found it on level 4 of the Dungeon)

   It inflicts extra damage upon your enemies.
   rF:        It makes you vulnerable to fire.
   rElec:     It insulates you from electricity.
   MP:        It affects your magic capacity (+9).
   rCorr:     It protects you from acid and corrosion.
   Will:      It increases your willpower.
 l - a +4 short sword of freezing
 M - a +4 hand axe
 N - a +5 falchion
 U - a +2 long sword of holy wrath
Missiles
 Q - a throwing net
Armour
 d - a +4 troll leather armour (worn) {Pargi}
 e - a +2 pair of gloves of hurling (worn)
 f - a +3 leather armour of fire resistance
 m - a scarf of invisibility
 w - a +2 cloak (worn)
 x - a +0 kite shield
 y - a +3 leather armour
 F - a +2 robe of positive energy
 I - a +0 cloak of preservation
 V - a +2 hat (worn)
Jewellery
 g - the ring "Fofig" {*Slow rC+ rN+++ rCorr Dex+3}
   (You acquired it on level 3 of the Dungeon)

   [ring of resist corrosion]

   Dex:       It affects your dexterity (+3).
   rC:        It protects you from cold.
   rN:        It renders you almost immune to negative energy.
   rCorr:     It protects you from acid and corrosion.
   *Slow:     It may slow you when you take damage.
 p - a ring of wizardry (left hand)
 r - an amulet of regeneration (around neck)
 L - a +4 ring of protection (right hand)
 Z - the ring "Gulidgha" {rN+ rCorr MP-9 SInv}
   (You acquired it on level 12 of the Dungeon)

   [ring of positive energy]

   rN:        It protects you from negative energy.
   MP:        It affects your magic capacity (-9).
   SInv:      It lets you see invisible.
   rCorr:     It protects you from acid and corrosion.
Wands
 c - a wand of iceblast (6)
 E - a wand of paralysis (33)
 K - a wand of flame (63)
 P - a wand of quicksilver (9)
 T - a wand of digging (12)
 W - a wand of mindburst (4)
Scrolls
 h - 2 scrolls of immolation
 i - 3 scrolls of blinking
 k - 14 scrolls of teleportation
 q - a scroll of brand weapon
 C - 4 scrolls of enchant armour
 G - 4 scrolls of silence
 H - 3 scrolls of fog
 R - a scroll of poison
 S - 4 scrolls of fear
 X - 9 scrolls of identify
 Y - a scroll of summoning
Potions
 j - 6 potions of attraction
 n - 4 potions of berserk rage
 o - 3 potions of mutation
 s - 3 potions of brilliance
 t - 2 potions of resistance
 u - 3 potions of lignification
 v - 8 potions of curing
 z - 4 potions of heal wounds
 A - 2 potions of haste
 B - a potion of ambrosia
 D - a potion of cancellation
 J - 2 potions of might


   Skills:
 + Level 4.7 Fighting
 * Level 6.7 Short Blades
 + Level 6.3 Armour
 + Level 10.0 Dodging
 + Level 9.4 Stealth
 + Level 16.7 Spellcasting
 + Level 0.2 Evocations


You had 8 spell levels left.
You knew the following spells:

 Your Spells              Type           Power      Damage    Failure   Level
a - Magic Dart            Conj           100%       1d8       0%          1
b - Searing Ray           Conj           100%       2d8       0%          2
c - Iskenderun's Mystic   Conj/Tloc      81%        2d16      1%          4
d - Fulminant Prism       Conj/Hex       40%        3d20      1%          4
e - Dazzling Flash        Conj/Hex       100%       N/A       0%          3
f - Apportation           Tloc           100%       N/A       0%          1
g - Scorch                Fire           100%       2d10      0%          2
h - Ozocubu's Armour      Ice            81%        N/A       0%          3
i - Summon Lightning Spi  Summ/Air       81%        N/A       1%          4
j - Agony                 Necr           81%        N/A       1%          5
k - Alistair's Intoxicat  Tmut/Pois      54%        N/A       1%          5
l - Eringya's Noxious Bo  Tmut/Pois      40%        N/A       1%          6
Your spell library was empty.

Dungeon Overview and Level Annotations

Branches:
Dungeon (12/15) Zot: 26080  Temple (0/1) D:7            Lair (5/5) D:11 Zot: 23003
  Swamp (0/4) Lair:2       Spider (0/4) Lair:3        Slime (0/5) Lair:5
    Orc (2/2) D:12 Zot: 11486   Sewer (visited)
    Elf: Orc:2

Altars:
Ashenzari
Gozag
Makhleb
Qazlal
Uskayaw
Xom
Yredelemnul
Jiyva

Shops:
D:8 (   D:10 =   D:12 ?!   Orc:1 =

Portals:
Hell: Lair:5

Annotations:
D:3 1 transporter, drewk1942's ghost, amateur DrEE
D:4 exclusion: door, Edmund
Lair:1 1 runed translucent door, liarliar's ghost, journeyman TeDe
Orc:2 Jorgrun


Innate Abilities, Weirdness & Mutations

You are immune to sickness and miasma.
You are immune to poison.
Your flesh is very heat resistant. (rF++)
You are vulnerable to cold. (rC-)
You float through the air rather than walking.
You learn spells naturally, not from books.
Your magical power is your life essence.
You have superior vitality. (+4 MHP)
Armour fits poorly on your strangely shaped body.
You have hidden genetic defects.


Message History

The grasping roots constrict you!
Casting: Fulminant Prism (safe; 1% risk of failure)
Confirm with . or Enter, or press ? or * to list all spells.
Okay, then.
Casting: Fulminant Prism (safe; 1% risk of failure)
Confirm with . or Enter, or press ? or * to list all spells.
Flames lash Jorgrun.
Jorgrun resists.
Jorgrun is heavily wounded.
Jorgrun's fire resistance burns away.
* * * LOW HITPOINT WARNING * * *
The centaur shoots an arrow.
The arrow hits you but does no damage. The grasping roots constrict you.
Your fulminant prism crackles loudly.
Casting: Scorch (safe; 0% risk of failure)
Confirm with . or Enter, or press ? or * to list all spells.
Flames lash Jorgrun.
Jorgrun is heavily wounded.
* * * LOW HITPOINT WARNING * * *
The centaur shoots an arrow.
The arrow completely misses you. Jorgrun hits you but does no damage.
The grasping roots constrict you!
* * * LOW HITPOINT WARNING * * *
An orc comes into view. It is wielding a +0 arbalest.
Your fulminant prism explodes!
The blast of energy engulfs the centaur!!
You kill the centaur!
Makhleb accepts your kill.
You feel better.
The blast of energy engulfs the orc!!
You kill the orc!
Makhleb accepts your kill.
An orc warrior comes into view. It is wielding a +0 arbalest.
You hear a shout! x3
Casting: Scorch (safe; 0% risk of failure)
Confirm with . or Enter, or press ? or * to list all spells.
Flames lash Jorgrun.
Jorgrun is heavily wounded.
* * * LOW HITPOINT WARNING * * *
The orc shoots a bolt.
The bolt hits you but does no damage. Jorgrun casts a spell at you.
The iron shot hits you!!
You die...

## ###.## # ###....####
#...#....8.....
#...@g...... ####
......#)).........###...
..... ...).##.....##....
.... ..).....#.....##.<.
... ...)...).)..........
.. ......)$.............
. ....o..$..............
#...o.#.......#........
.c.)...<.........#


You could see Jorgrun (combustible, ally target), an orc warrior, an orc and a
friendly lightning spire (summoned).

Vanquished Creatures
  3 tentacled starspawn (Abyss:1)
  An orc warlord (D:12)
  A black draconian (Abyss:1)
  A dire elephant (Lair:5)
  An eidolon (Abyss:1)
  2 rakshasas (Abyss:1)
  Erolcha (Orc:1)
  7 hydras
  A boulder beetle (Lair:3)
  4 catoblepae
  A hell beast (Lair:5)
  3 two-headed ogres
  7 death yaks
  Sonja (Lair:2)
  Urug (Lair:2)
  Nergalle (D:12)
  2 skeletal warriors (D:11)
  A wretched star (Abyss:1)
  3 bog bodies (Lair:2)
  A wizard (Lair:5)
  A deep elf pyromancer (D:12)
  A manticore (D:11)
  13 elephants
  An ugly thing (D:12)
  A worldbinder (Abyss:1)
  2 black mambas
  4 smoke demons
  A rust devil (Abyss:1)
  3 orange demons
  A demonic crawler (Abyss:1)
  12 cane toads
  An unseen horror (D:11)
  5 rime drakes
  5 ice devils
  An ancient zyme (Abyss:1)
  An efreet (Abyss:1)
  7 komodo dragons
  2 red devils (Lair:5)
  3 trolls
  A polar bear (Lair:5)
  2 hornets
  Prince Ribbit (D:6)
  15 blink frogs
  17 slime creatures
  A dream sheep (Lair:5)
  48 yaks
  2 shadows (D:12)
  2 culicivoras (Lair:3)
  4 wraiths
  A ynoxinul (Abyss:1)
  6 wyverns
  2 fire bats (Abyss:1)
  3 basilisks
  2 steam dragons
  Menkaure (D:6)
  A neqoxec (Abyss:1)
  2 vampire mosquitoes (D:10)
  3 wargs (Orc:1)
  A swamp worm (Lair:2)
  A two-headed ogre zombie (D:12)
  An acid dragon (D:12)
  3 hell hounds (Lair:5)
  A large abomination (Abyss:1)
  12 water moccasins
  Pargi (Sewer)
  2 black bears
  6 ogres
  11 orc warriors
  3 sky beasts
  2 small abominations (Abyss:1)
  25 wolves
  9 centaurs
  A phantom (D:4)
  4 kobold brigands
  15 bullfrogs
  A gnoll sergeant (D:9)
  2 necrophages (D:7)
  3 scorpions
  11 wights
  A troll zombie (D:12)
  5 electric eels
  2 howler monkeys
  A quasit (Abyss:1)
  2 hounds (D:5)
  2 jellies
  7 orc priests
  4 gnoll boudas
  8 iguanas
  14 orc wizards
  6 ogre zombies (D:12)
  25 gnolls
  5 adders
  4 white imps
  3 ufetubi
  4 worms (D:4)
  A dart slug (D:2)
  33 orcs
  9 ball pythons
  7 endoplasms
  7 giant cockroaches
  7 hobgoblins
  4 jackals (D:2)
  3 quokkas
  5 bats
  8 frilled lizards
  8 goblins
  2 goblin skeletons (D:12)
  A goblin zombie (D:12)
  2 hobgoblin skeletons (D:12)
  2 hobgoblin zombies (D:12)
  26 kobolds
  2 orc skeletons (D:12)
  16 orc zombies (D:12)
  3 rats (D:1)
  3 starspawn tentacles (Abyss:1)
579 creatures vanquished.

Vanquished Creatures (collateral kills)
  Gastronok (Lair:2)
  A skeletal warrior (D:11)
  An orc priest (Orc:2)
  2 orc wizards (D:11)
  2 orcs
  A fulminant prism (D:11)
8 creatures vanquished.

Vanquished Creatures (others)
  A gnoll (D:9)
  40 fulminant prisms
  29 fungi
  43 plants
  5 starspawn tentacles (Abyss:1)
118 creatures vanquished.

Grand Total: 705 creatures vanquished

Notes
Turn   | Place    | Note
-------+----------+-------------------------------------------
     0 | D:1      | mortz the Djinni Conjurer began the quest for the Orb.
     0 | D:1      | mortz set off with the following spells memorised: Magic
                  | Dart, Searing Ray, Dazzling Flash, Fulminant Prism,
                  | Iskenderun's Mystic Blast.
     0 | D:1      | Reached XP level 1. HP: 15/15 MP: 0/0
   266 | D:1      | Reached XP level 2. HP: 19/21 MP: 0/0
   730 | D:1      | Reached XP level 3. HP: 14/25 MP: 0/0
   730 | D:1      | Learned a level 1 spell: Apportation
  2101 | D:2      | Reached XP level 4. HP: 25/31 MP: 0/0
  2331 | D:2      | Found a faded altar of an unknown god.
  2995 | D:3      | Reached skill level 4 in Spellcasting
  3214 | D:3      | Reached XP level 5. HP: 13/35 MP: 0/0
  3214 | D:3      | Learned a level 2 spell: Scorch
  3648 | D:3      | Found a transporter.
  3653 | D:3      | Noticed an ogre
  3662 | D:3      | Noticed an ogre
  3662 | D:3      | Noticed drewk1942's ghost (amateur DrEE)
  3663 | D:3      | Noticed an ogre
  4145 | D:3      | Identified a scroll of acquirement
  4145 | D:3      | Acquired the ring "Fofig" {*Slow rC+ rN+++ rCorr Dex+3}
  4195 | D:4      | Reached skill level 1 in Armour
  4313 | D:4      | Reached XP level 6. HP: 36/40 MP: 0/0
  4611 | D:4      | Found a glowing drain.
  4631 | Sewer    | Entered a sewer
  4735 | Sewer    | Noticed Pargi
  4745 | Sewer    | Killed Pargi
  4746 | Sewer    | Reached skill level 1 in Short Blades
  4746 | Sewer    | Reached XP level 7. HP: 31/45 MP: 0/0
  4746 | Sewer    | Learned a level 3 spell: Ozocubu's Armour
  5169 | D:4      | Identified the +6 whip "Ceyte" {vorpal, rElec rF- Will+
                  | rCorr MP+9}
  5270 | D:4      | Reached skill level 5 in Spellcasting
  5436 | D:4      | Identified the amulet of Propriety {RegenMP Dex+3}
  5436 | D:4      | Noticed Edmund
  5485 | D:5      | Entered Level 5 of the Dungeon
  5573 | D:5      | Reached XP level 8. HP: 40/50 MP: 0/0
  5702 | D:5      | Reached skill level 6 in Spellcasting
  6086 | D:6      | Noticed Prince Ribbit
  6096 | D:6      | Killed Prince Ribbit
  6097 | D:6      | Reached XP level 9. HP: 42/56 MP: 0/0
  6097 | D:6      | Learned a level 4 spell: Summon Lightning Spire
  6400 | D:6      | Found a burning altar of Makhleb.
  6419 | D:6      | Reached skill level 5 in Stealth
  6419 | D:6      | Reached skill level 7 in Spellcasting
  6442 | D:6      | Became a worshipper of Makhleb the Destroyer
  6781 | D:6      | Noticed Menkaure
  6789 | D:6      | Killed Menkaure
  6790 | D:6      | Reached skill level 1 in Fighting
  7097 | D:7      | Found a staircase to the Ecumenical Temple.
  7318 | D:7      | Found a stormy altar of Qazlal.
  7686 | D:7      | Reached XP level 10. HP: 55/63 MP: 0/0
  7752 | D:7      | Reached * piety under Makhleb
  7888 | D:8      | Reached skill level 8 in Spellcasting
  8004 | D:8      | Reached skill level 5 in Dodging
  8205 | D:8      | Found Wepsif's Antique Weapon Shop.
  8401 | D:8      | Reached ** piety under Makhleb
  8523 | D:8      | Found a broken altar of Ashenzari.
  8523 | D:8      | Found a basalt altar of Yredelemnul.
  8588 | D:8      | Found a hide-covered altar of Uskayaw.
  8987 | D:9      | Reached skill level 5 in Armour
  9045 | D:9      | Found an opulent altar of Gozag.
  9068 | D:9      | Reached skill level 9 in Spellcasting
  9126 | D:9      | Reached XP level 11. HP: 42/70 MP: 0/0
  9126 | D:9      | Learned a level 5 spell: Agony
  9906 | D:10     | Entered Level 10 of the Dungeon
 10072 | D:10     | Noticed a two-headed ogre
 10083 | D:10     | Killed a two-headed ogre
 10084 | D:10     | Noticed a two-headed ogre
 10087 | D:10     | Killed a two-headed ogre
 10088 | D:10     | Reached skill level 10 in Spellcasting
 10523 | D:10     | Found Jeik's Jewellery Shop.
 10895 | D:11     | Reached *** piety under Makhleb
 11025 | D:11     | Noticed a manticore
 11036 | D:11     | Killed a manticore
 11147 | D:11     | Reached XP level 12. HP: 75/76 MP: 0/0
 11148 | D:11     | Reached skill level 11 in Spellcasting
 11296 | D:11     | Noticed a skeletal warrior
 11296 | D:11     | Noticed a skeletal warrior
 11297 | D:11     | Noticed a skeletal warrior
 11308 | D:11     | Killed a skeletal warrior
 11308 | D:11     | Killed a skeletal warrior
 11320 | D:11     | HP: 1/76 [skeletal warrior/+0 mace (17)]
 11320 | D:11     | Killed a skeletal warrior
 11375 | D:11     | Found a staircase to the Lair.
 11598 | Lair:1   | Entered Level 1 of the Lair of Beasts
 11911 | Lair:1   | Noticed a death yak
 11912 | Lair:1   | Noticed a death yak
 11930 | Lair:1   | Killed a death yak
 11931 | Lair:1   | Reached skill level 12 in Spellcasting
 11938 | Lair:1   | Noticed a death yak
 11954 | Lair:1   | Killed a death yak
 11958 | Lair:1   | Killed a death yak
 12136 | Lair:1   | Reached **** piety under Makhleb
 12191 | Lair:1   | Found a runed translucent door.
 12191 | Lair:1   | Found a shimmering altar of Xom.
 12191 | Lair:1   | Noticed liarliar's ghost (journeyman TeDe)
 12192 | Lair:1   | Noticed a +2 broad axe of chaos
 12872 | Lair:2   | Noticed Urug
 12890 | Lair:2   | Killed Urug
 12922 | Lair:2   | Noticed a seven-headed hydra
 12934 | Lair:2   | Killed a seven-headed hydra
 12935 | Lair:2   | Reached XP level 13. HP: 46/82 MP: 0/0
 12935 | Lair:2   | Learned a level 5 spell: Alistair's Intoxication
 12986 | Lair:2   | Noticed a catoblepas
 13019 | Lair:2   | Killed a catoblepas
 13380 | Lair:2   | Noticed a five-headed hydra
 13391 | Lair:2   | Killed a five-headed hydra
 13403 | Lair:2   | Reached skill level 13 in Spellcasting
 13531 | Lair:2   | Noticed Sonja
 13535 | Lair:2   | Killed Sonja
 13570 | Lair:2   | Noticed Gastronok
 13592 | Lair:2   | Killed Gastronok
 13931 | Lair:2   | Found a staircase to the Swamp.
 14151 | Lair:3   | Noticed a boulder beetle
 14212 | Lair:3   | HP: 2/82 [boulder beetle (27)]
 14364 | Lair:3   | Killed a boulder beetle
 14503 | Lair:3   | Reached ***** piety under Makhleb
 14589 | Lair:3   | Found a hole to the Spider Nest.
 14789 | Lair:3   | Reached skill level 14 in Spellcasting
 15646 | Lair:4   | Noticed a four-headed hydra
 15652 | Lair:4   | Killed a four-headed hydra
 15663 | Lair:4   | Noticed a six-headed hydra
 15681 | Lair:4   | Killed a six-headed hydra
 15682 | Lair:4   | Reached XP level 14. HP: 76/88 MP: 0/0
 16635 | Lair:5   | Entered Level 5 of the Lair of Beasts
 16884 | Lair:5   | Found a viscous altar of Jiyva.
 16889 | Lair:5   | Found a staircase to the Slime Pits.
 16948 | Lair:5   | Reached skill level 15 in Spellcasting
 17616 | Lair:5   | Reached skill level 5 in Short Blades
 17884 | Lair:5   | Noticed a dire elephant
 17975 | Lair:5   | Killed a dire elephant
 18108 | Lair:5   | Reached XP level 15. HP: 94/94 MP: 0/0
 18108 | Lair:5   | Learned a level 6 spell: Eringya's Noxious Bog
 18189 | Lair:5   | Found a burning altar of Makhleb.
 18335 | Lair:5   | Found a gateway to Hell.
 18831 | D:12     | Reached ****** piety under Makhleb
 18880 | D:12     | Noticed Nergalle
 18897 | D:12     | Killed Nergalle
 18998 | D:12     | Found a staircase to the Orcish Mines.
 19033 | D:12     | Reached skill level 16 in Spellcasting
 19174 | D:12     | Found Rinwaehe's Distillery.
 19175 | D:12     | Found Turghor's Magic Scroll Shoppe.
 19185 | D:12     | Bought a scroll of acquirement for 572 gold pieces
 19186 | D:12     | Acquired the ring "Gulidgha" {rN+ rCorr MP-9 SInv}
 19515 | Orc:1    | Entered Level 1 of the Orcish Mines
 19516 | Orc:1    | Noticed Erolcha
 19518 | Abyss:1  | Cast into level 1 of the Abyss (Erolcha)
 19748 | Abyss:1  | Noticed a tentacled starspawn
 19758 | Abyss:1  | Killed a tentacled starspawn
 19942 | Abyss:1  | Noticed a tentacled starspawn
 19950 | Abyss:1  | Killed a tentacled starspawn
 19954 | Abyss:1  | Gained mutation: You have hidden genetic defects. [a
                  | neqoxec]
 20114 | Abyss:1  | Noticed a tentacled starspawn
 20121 | Abyss:1  | Killed a tentacled starspawn
 20124 | Orc:1    | Escaped the Abyss
 20140 | Orc:1    | Found Iryol's Jewellery Emporium.
 20142 | Orc:1    | Killed Erolcha
 20143 | Orc:1    | Reached skill level 10 in Dodging
 20158 | Orc:1    | Noticed an orc warlord
 20176 | D:12     | Killed an orc warlord
 20204 | Orc:1    | Gained mutation: Armour fits poorly on your strangely
                  | shaped body. [hidden defects]
 20263 | Orc:1    | Bought an amulet of regeneration for 360 gold pieces
 20554 | Orc:2    | Entered Level 2 of the Orcish Mines
 20555 | Orc:2    | Noticed Jorgrun
 20647 | Orc:2    | Reached XP level 16. HP: 45/101 MP: 0/0
 20650 | Orc:2    | Killed from afar by Jorgrun

Illustrated notes

Levels and vault maps discovered:
D:1:      dpeg_arrival_central, layout_basic, hangedman_decor_clover_reticule,
          moated_statue
D:2:      layout_basic, hellmonk_ecumenical_altar_leap_of_faith, serial_forest,
          infiniplex_forest_clump_medium, infiniplex_forest_lined_3,
          infiniplex_forest_straight_4, infiniplex_forest_straight_1,
          infiniplex_forest_clump_double
D:3:      layout_basic, gammafunk_ghost_smash
D:4:      minmay_octagon_keep, layout_rooms, cheibrodos_sewer_entry_bend,
          kennysheep_opposing_triangles, uniq_edmund
D:5:      layout_rooms, minmay_misc_feat_pillars
D:6:      layout_loops_corners, mainiacjoe_overflow_cross_hatched,
          uniq_menkaure, uniq_prince_ribbit1
D:7:      layout_basic, mainiacjoe_overflow_surrounded_room,
          minmay_temple_entry_mist, hangedman_decor_riveting,
          kennysheep_decorative_pillar
D:8:      layout_gridville, eat_drink_and_be_merry_uskayaw,
          gammafunk_temple_overflow_elements, serial_shops, shop,
          blue_anna_alchemist
D:9:      layout_cave_pods, lemuel_round_altar
D:10:     hellmonk_crumbling_castle, layout_irregular_city, serial_shops,
          nicolae_shop_behind_doors, minivault_26, nrook_uturn,
          corexii_hall_statues_x
D:11:     layout_loops_ring, lair_entry_dummy
D:12:     layout_small_grid, zombieorc2_lemuel, portal_ice_cave_demonic_guard,
          nicolae_wooded_promenade, uniq_nergalle
Lair:1:   layout_cave_pods, ebering_ghost_xom, serial_bayou_pond_c,
          grunt_megastairs_3, infiniplex_staircase_pool
Lair:2:   layout_chaotic_city, nicolae_swamp_entry_splash_gauntlet,
          grunt_megastairs_4, serial_bayou_shore_b, serial_bayou_shore_a,
          uniq_gastronok, uniq_urug, uniq_sonja
Lair:3:   layout_layer_cave, hellmonk_spider_entry_life_and_decay,
          nicolae_quartered_pool_medium, patterned_corridor
Lair:4:   layout_concentric_octagons, infiniplex_staircase_pool_2,
          grunt_megastairs_2
Lair:5:   evil_forest, layout_cave_pods, slime_entry_1
Orc:1:    layout_caves, serial_shops, shop, uniq_erolcha
Orc:2:    st_orc_rangers, layout_caves, uniq_jorgrun

Skill      XL: |  1  2  3  4  5  6  7  8  9 10 11 12 13 14 15 |
---------------+----------------------------------------------+-----
Stealth        | 2 3 4 5 6 7 8 9 |  9.4
Spellcasting   | 4 5 6 7 9 10 12 14 15 16 | 16.7
Armour         | 1 2 3 4 5 6 |  6.3
Short Blades   | 1 2 3 5 6 |  6.7
Dodging        | 3 4 5 7 8 9 10 | 10.0
Fighting       | 1 2 3 4 |  4.7
Evocations     | |  0.2

Action                   |  1- 3 |  4- 6 |  7- 9 | 10-12 | 13-15 | 16-18 || total
-------------------------+-------+-------+-------+-------+-------+-------++-------
Melee: Dagger            |     5 |     3 |     8 |    15 |    21 |       ||    52
       Punch             |       |       |       |       |     1 |       ||     1
 Cast: Magic Dart        |    31 |    37 |    38 |    78 |   225 |       ||   409
       Searing Ray       |    17 |    25 |    54 |    75 |    92 |       ||   263
       Iskenderun's Myst |       |       |    14 |   109 |   388 |       ||   511
       Fulminant Prism   |       |       |       |     4 |    36 |     1 ||    41
       Summon Lightning  |       |       |       |     2 |     6 |       ||     8
       Scorch            |       |       |       |       |       |     3 ||     3
Evoke: Wand              |       |       |       |       |     3 |       ||     3
  Use: Scroll            |     6 |    12 |     9 |    11 |     3 |       ||    41
       Potion            |       |     2 |       |     1 |     4 |       ||     7
 Stab: Sleeping          |     5 |     2 |     7 |     9 |    12 |       ||    35
Armor: Robe              |     2 |       |       |       |       |       ||     2
       Leather armour    |     2 |    17 |       |       |       |       ||    19
       Troll leather arm |       |       |    28 |    66 |   104 |     4 ||   202
Dodge: Dodged            |     4 |    15 |    56 |    77 |   125 |     1 ||   278
